 Dungeon Crawl Stone Soup version 0.26.1-2-gb8aa6d0cf2 (webtiles) character file.

Game seed: 4115590123090239666

236 sizableburger the Firebug (level 5, -1/39 HPs)
             Began as a Mummy Fire Elementalist on Mar 17, 2021.
             Slain by an iron imp (7 damage)
             ... summoned by Natasha
             ... on level 3 of the Dungeon.
             The game lasted 00:08:56 (3246 turns).

sizableburger the Firebug (Mummy Fire Elementalist) Turns: 3246, Time: 00:08:56

Health: -1/39      AC:  3    Str: 12    XL:     5   Next: 77%
Magic:  5/9        EV: 13    Int: 15    God:
Gold:   106        SH:  0    Dex: 12    Spells: 8/9 levels left

rFire    x . .     SeeInvis .   (no weapon)
rCold    + . .     Faith    .   (no shield)
rNeg     + + +     Spirit   .   a - +1 robe
rPois    ∞         Reflect  .   (no helmet)
rElec    .         Harm     .   (no cloak)
rCorr    .         Rampage  .   (no gloves)
Will     .....                  (no boots)
Stlth    ++........             (no amulet)
HPRegen  0.13/turn              (no ring)
MPRegen  0.11/turn              (no ring)

@: no status effects
A: no potions, fire vulnerability, cold resistance 1, negative energy resistance
3, torment resistance, unbreathing
a: no special abilities


You were on level 3 of the Dungeon.
You visited 1 branch of the dungeon, and saw 3 of its levels.

You collected 106 gold pieces.

Inventory:

Armour
 a - a +1 robe (worn)
Scrolls
 c - a scroll of identify
 d - a scroll of fog


   Skills:
 + Level 2.5 Fighting
 + Level 2.8 Dodging
 - Level 1.5 Stealth
 - Level 2.6 Spellcasting
 + Level 2.3 Conjurations
 + Level 3.4 Fire Magic


You had 8 spell levels left.
You knew the following spells:

 Your Spells              Type           Power        Failure   Level
a - Foxfire               Conj/Fire      40%          6%          1

Your spell library contained the following spells:

 Spells                   Type           Power        Failure   Level
 Conjure Flame            Conj/Fire      10%          19%         3
 Inner Flame              Hex/Fire       7%           30%         3
 Sticky Flame             Conj/Fire      10%          54%         4
 Fireball                 Conj/Fire      5%           87%         5


Dungeon Overview and Level Annotations

Branches:
Dungeon (3/15)

Altars:
Wu Jian
Xom

Annotations:
D:3 Natasha


Innate Abilities, Weirdness & Mutations

You do not drink.
Your flesh is vulnerable to fire.
You are immune to poison.
Your flesh is cold resistant. (rC+)
You are immune to negative energy. (rN+++)
You are immune to unholy pain and torment.
You can survive without breathing.


Message History

Okay, then.
Casting: Foxfire (safe; 6% risk of failure)
Confirm with . or Enter, or press ? or * to list all spells.
Nothing appears to happen.
The iron imp hits you.
* * * LOW HITPOINT WARNING * * *
Natasha casts a spell at you. The magic dart hits you.
* * * LOW HITPOINT WARNING * * *
As you read the scroll of fear, it crumbles to dust.
You assume a fearsome visage.
Natasha looks frightened!
The white imp is unaffected.
The hobgoblin looks frightened!
The iron imp is unaffected.
The iron imp barely misses you.
You hit the iron imp.
The iron imp is lightly wounded.
Cornered, the hobgoblin turns to fight!
Cornered, Natasha turns to fight!
The iron imp misses you.
You hit the iron imp but do no damage.
The iron imp is lightly wounded.
Natasha closely misses you. The iron imp hits you!
You die...

##+# #....
#.....#####
#.....5gh@#
#.....###5# #....
#.# #... #.#
#.....###.####### #
#.>...+.......<....
#.....###.####.....
#.....# #.#..+ ....
#.....# #.#.##.....


You could see an iron imp (summoned), Natasha, a white imp (summoned) and a
hobgoblin.

Vanquished Creatures
  Sigmund (D:2)
  Jessica (D:2)
  An adder (D:2)
  An ooze (D:1)
  A worm (D:2)
  2 dart slugs (D:1)
  2 ball pythons
  4 bats (D:1)
  A giant cockroach (D:1)
  3 goblins
  5 hobgoblins
  3 jackals (D:1)
  A frilled lizard (D:1)
  2 kobolds (D:1)
  5 rats
33 creatures vanquished.

Vanquished Creatures (others)
  133 foxfires
133 creatures vanquished.

Grand Total: 166 creatures vanquished

Notes
Turn   | Place    | Note
-------+----------+-------------------------------------------
     0 | D:1      | sizableburger the Mummy Fire Elementalist began the quest
                  | for the Orb.
     0 | D:1      | Reached XP level 1. HP: 13/13 MP: 4/4
   568 | D:1      | Reached skill level 1 in Conjurations
   746 | D:1      | Reached XP level 2. HP: 20/20 MP: 1/5
  1077 | D:1      | Reached skill level 1 in Fighting
  1420 | D:1      | Reached XP level 3. HP: 26/26 MP: 4/7
  1964 | D:2      | Noticed Sigmund
  2005 | D:2      | Found a shimmering altar of Xom.
  2397 | D:2      | Killed Sigmund
  2398 | D:2      | Reached skill level 3 in Fire Magic
  2398 | D:2      | Reached XP level 4. HP: 26/34 MP: 2/8
  2398 | D:2      | Reached XP level 5. HP: 29/39 MP: 2/9
  2843 | D:2      | Found an ornate altar of the Wu Jian Council.
  2860 | D:2      | Noticed Jessica
  2866 | D:2      | Killed Jessica
  3225 | D:3      | Noticed Natasha
  3246 | D:3      | Slain by an iron imp

Illustrated notes

Levels and vault maps discovered:
D:1:      nzn_arrival_settlement, layout_loops_ring
D:2:      layout_basic, nzn_wu_jian_council_hall, brannock_xom_greatest_gift,
          uniq_jessica, uniq_sigmund
D:3:      layout_basic, nicolae_overflow_crystal_walls,
          chequers_ecumenical_altar_twisty, uniq_terence,
          uniq_crazy_yiuf_cottage, uniq_natasha

Skill      XL: |  1  2  3 |
---------------+----------+-----
Conjurations   | 1 2 |  2.3
Fighting       | 1 2 |  2.5
Dodging        | 2 |  2.8
Fire Magic     | 3 |  3.4
Stealth        | |  1.5
Spellcasting   | |  2.6

Action                   |  1- 3 |  4- 6 || total
-------------------------+-------+-------++-------
Melee: Unarmed           |    33 |     8 ||    41
 Cast: Foxfire           |    68 |    11 ||    79
  Use: Scroll            |     5 |     5 ||    10
Armor: Robe              |    20 |     3 ||    23
Dodge: Dodged            |    51 |     7 ||    58
